 Dungeon Crawl Stone Soup version 0.28.0-53-g5a82cb258f (console) character file.

Game seed: 7437744013151729856

176292 Cab the Severer (level 17, -7/139 HPs)
             Began as a Demonspawn Fighter on Aug 22, 2022.
             Was the Champion of Okawaru.
             Killed from afar by an ironbound thunderhulk (40 damage)
             ... with a bolt of lightning
             ... led by a vault warden
             ... on level 1 of the Vaults on Aug 23, 2022.
             The game lasted 03:15:57 (31041 turns).

Cab the Severer (Demonspawn Fighter)               Turns: 31041, Time: 03:15:58

Health: -7/139     AC: 27    Str: 26    XL:     17   Next: 23%
Magic:  19/19      EV:  8    Int: 10    God:    Okawaru [******]
Gold:   2304       SH:  0    Dex: 19    Spells: 16/16 levels left

rFire   + + .      SeeInvis +   a - +6 battleaxe (elec)
rCold   + + .      Faith    .   (shield currently unavailable)
rNeg    + . .      Spirit   .   U - +3 plate armour {rPois}
rPois   +          Reflect  .   Q - +2 helmet
rElec   .          Harm     .   S - scarf {rC+ rF+}
rCorr   .          Rampage  .   w - +2 pair of gloves {hurl}
Will    +....                   P - +0 pair of boots of Jipufie {+Blink SInv}
Stlth   ..........              g - amulet of regeneration
HPRegen 1.13/turn               K - ring of the Present {rF+ rN+ Str+2}
MPRegen 0.16/turn               M - ring of protection from cold

@: on blink cooldown
A: thin skeletal structure 3, foul stench 3, spiny 2, demonic touch 2, no potion
heal 1
}: 1/15 runes: decaying
a: Renounce Religion, Evoke Blink, Heroism, Finesse, Duel


You were on level 1 of the Vaults.
You worshipped Okawaru.
Okawaru was exalted by your worship.
You visited 6 branches of the dungeon, and saw 29 of its levels.
You also visited: Ice Cave.

You collected 2707 gold pieces.
You spent 403 gold pieces at shops.

Inventory:

Hand Weapons
 a - a +6 battleaxe of electrocution (weapon)
 b - the +10 arbalest of the Shallot {elec, rN++ MP+9}
   (You found it on level 10 of the Dungeon)

   Any ammunition fired from it occasionally discharges a powerful burst of
   electricity upon striking a foe.
   rN:        It greatly protects you from negative energy.
   MP:        It affects your magic capacity (+9).
 N - a +0 vorpal flail
Missiles
 e - a throwing net
 O - 114 bolts
Armour
 n - a +2 cloak
 u - a scarf of invisibility
 w - a +2 pair of gloves of hurling (worn)
 A - the +0 pair of gloves "Xig Xuag" {Will+ rCorr Int+4}
   (You bought it in a shop on level 2 of the Orcish Mines)

   Int:       It affects your intelligence (+4).
   rCorr:     It protects you from acid and corrosion.
   Will:      It increases your willpower.
 E - a +1 plate armour of cold resistance
 G - a scarf of shadows
 L - the +7 chain mail of Atihoforr {Rampage rPois rC- Int+4}
   (Okawaru gifted it to you on level 6 of the Lair of Beasts)

   Int:       It affects your intelligence (+4).
   rC:        It makes you vulnerable to cold.
   rPois:     It protects you from poison.
   Rampage:   It bestows one free step when moving towards enemies.
 P - the +0 pair of boots of Jipufie (worn) {+Blink SInv}
   (Okawaru gifted it to you on level 13 of the Dungeon)

   SInv:      It lets you see invisible.
   +Blink:    It lets you blink.
 Q - a +2 helmet (worn)
 S - a scarf of resistance (worn)
 U - a +3 plate armour of poison resistance (worn)
Jewellery
 g - an amulet of regeneration (around neck)
 j - the ring of the Serpent {rC- rN+ Str+2 Int+6 Dex+2}
   (You found it on level 4 of the Lair of Beasts)

   [ring of intelligence]

   Str:       It affects your strength (+2).
   Int:       It affects your intelligence (+6).
   Dex:       It affects your dexterity (+2).
   rC:        It makes you vulnerable to cold.
   rN:        It protects you from negative energy.
 k - a ring of positive energy
 p - a ring of see invisible
 I - a ring of protection from fire
 K - the ring of the Present (left hand) {rF+ rN+ Str+2}
   (You found it in an ice cave)

   [ring of positive energy]

   Str:       It affects your strength (+2).
   rF:        It protects you from fire.
   rN:        It protects you from negative energy.
 M - a ring of protection from cold (right hand)
 W - a ring of poison resistance
Wands
 s - a wand of acid (8)
 v - a wand of iceblast (22)
 y - a wand of polymorph (27)
 C - a wand of digging (16)
 F - a wand of paralysis (1)
 T - a wand of mindburst (18)
Scrolls
 i - 5 scrolls of teleportation
 m - 4 scrolls of blinking
 o - 6 scrolls of amnesia
 t - 2 scrolls of magic mapping
 B - 4 scrolls of immolation
 J - 5 scrolls of identify
 V - a scroll of brand weapon
 X - a scroll of fear
Potions
 c - a potion of magic
 d - 2 potions of resistance
 f - 2 potions of might
 h - 6 potions of curing
 l - 2 potions of lignification
 q - 3 potions of cancellation
 r - 3 potions of mutation
 x - 4 potions of brilliance
 z - 4 potions of ambrosia
 D - 4 potions of haste
 H - 6 potions of flight
Miscellaneous
 R - a lightning rod (4/4)


   Skills:
 + Level 14.1 Fighting
 + Level 20.7 Axes
 * Level 10.4 Crossbows
 + Level 12.5 Armour
 + Level 1.5 Dodging
 + Level 2.6 Shields
 + Level 3.8 Invocations
 + Level 1.5 Evocations


You had 16 spell levels left.
You didn't know any spells.
Your spell library contained the following spells:

 Spells                   Type           Power      Damage    Failure   Level
 Apportation              Tloc           0%         N/A       97%         1
 Foxfire                  Conj/Fire      0%         2x1d4     97%         1
 Sandblast                Erth           0%         2d4       97%         1
 Shock                    Conj/Air       0%         1d3       97%         1
 Sting                    Tmut/Pois      0%         1d3       97%         1
 Ensorcelled Hibernation  Hex/Ice        0%         N/A       99%         2
 Passwall                 Tmut/Erth      0%         N/A       99%         2
 Scorch                   Fire           0%         2d5       99%         2
 Mephitic Cloud           Conj/Pois/Air  0%         N/A       100%        3
 Portal Projectile        Hex/Tloc       0%         N/A       100%        3
 Stone Arrow              Conj/Erth      0%         3d7       100%        3
 Swiftness                Air            0%         N/A       100%        3
 Airstrike                Air            0%         N/A       100%        4
 Blade Hands              Tmut           0%         N/A       100%        5
 Excruciating Wounds      Necr           0%         N/A       100%        5
 Irradiate                Conj/Tmut      0%         3d13      100%        5
 Iskenderun's Battlesphe  Conj           0%         2d6       100%        5
 Iron Shot                Conj/Erth      0%         9d1       100%        6
 Dragon Form              Tmut           0%         N/A       100%        7
 Animate Skeleton         Necr           Unusable   N/A       N/A         1
 Summon Small Mammal      Summ           Unusable   N/A       N/A         1
 Call Canine Familiar     Summ           Unusable   N/A       N/A         3
 Summon Guardian Golem    Hex/Summ       Unusable   N/A       N/A         3
 Spellforged Servitor     Conj/Summ      Unusable   N/A       N/A         7

Dungeon Overview and Level Annotations

Branches:
Dungeon (15/15)            Temple (1/1) D:4            Lair (6/6) D:9
  Swamp (4/4) Lair:4       Spider (0/4) Lair:4        Slime (0/5) Lair:5
    Orc (2/2) D:10            Elf (0/3) Orc:2        Vaults (1/5) D:14
  IceCv (visited)
 Depths: D:15

Altars:
Ashenzari
Cheibriados
Dithmenos
Elyvilon
Fedhas
Gozag
Hepliaklqana
Kikubaaqudgha
Makhleb
Nemelex Xobeh
Okawaru
Qazlal
Ru
Sif Muna
Trog
Uskayaw
Vehumet
Wu Jian
Xom
Yredelemnul
Zin
The Shining One
Beogh
Jiyva

Shops:
D:8 [   Orc:2 [([**

Annotations:
D:10 1 runed translucent door
Lair:3 exclusion: oklob plant
Lair:5 exclusion: oklob plant


Innate Abilities, Weirdness & Mutations

You have an unnaturally thin skeletal structure. (Dex +6, Stealth+++)
You frequently emit foul miasma when damaged in melee.
You are mostly covered in sharp spines.
Your touch may inflict irresistible damage on your foes.
Potions are less effective at restoring your health.


Message History

Items here: %% )) [.
An ironbound convoker comes into view. It is wielding a +0 dire flail.
The ironbound convoker begins to recite a word of recall!
The ironbound frostheart is recalled.
The deep troll is recalled.
The war gargoyle is recalled.
The ironbound thunderhulk is recalled.
The harpy is recalled.
The deep troll is recalled.
The ironbound convoker is recalled.
A harpy comes into view.
A war gargoyle comes into view. It is wielding a +0 flail.
An ironbound thunderhulk comes into view.
It is wielding a +0 dire flail.
The ironbound frostheart is struck by your spines.
The ironbound frostheart touches you but does no damage.
The ironbound convoker hits you but does no damage.
A deep troll comes into view. x2
The ironbound convoker casts a spell at the harpy.
The harpy seems to grow stronger.
An ironbound convoker and an ironbound frostheart come into view.
Electricity crackles from the ironbound thunderhulk's apparatus.
The bolt of lightning hits you!!!
The ironbound frostheart is struck by your spines.
The ironbound frostheart touches you! The ironbound frostheart freezes you!
You resist.
The ironbound convoker points at the war gargoyle and mumbles some strange words.
The war gargoyle seems to grow stronger.
The harpy completely misses you. The harpy claws you!
The ironbound convoker gestures at the deep troll while chanting.
The deep troll seems to grow stronger.
Okay, then.
Unknown command.
You fail to use your ability.
The harpy is struck by your spines. The harpy claws you but does no damage.
The harpy claws you.
You emit a cloud of foul miasma!
The war gargoyle hits you with a +0 flail!!
You emit a cloud of foul miasma!
The harpy is engulfed in dark miasma.
The harpy seems to slow down.
The ironbound frostheart touches you but does no damage.
You blink.
Electricity crackles from the ironbound thunderhulk's apparatus.
The bolt of lightning hits you!!!
You die... ∙∙∙∙∙∙∙∙∙∙

∙∙∙∙∙∙∙∙∙∙▒
∙∙∙∙∙∙∙∙∙▒
∙∙∙∙∙∙∙∙∙▒
▒∙∙∙∙∙∙∙∙▒
▒TTO∙∙∙∙∙▒
▒pp∙∙∙∙∙∙▒
▒#9∙∙H∙∙∙▒
■p#∙∙∙∙∙@▒
▒∙∙∙∙∙∙∙∙▒
▒∙∙∙∙∙∙∙∙▒
▒∙∙∙∙∙∙∙∙▒
▒▒▒▒▒▒▒▒▒∙∙∙∙∙∙∙∙▒
▒∙∙∙∞∙∙∙∙∙∙∙∙∙∙∙∙▒
▒∙∙∙∙∙∙∙∙∙∙∙∙∙∙∙∙▒
▒∙∙∙∙∙∙∙∙∙∙∙∙∙∙∙∙▒


∙∙∙∙∙∙∙∙∙∙∙∙∙∙∙∙∙ You could see an ironbound thunderhulk, an ironbound
frostheart, 2 deep trolls, a war gargoyle (strong), 2 ironbound convokers and a
harpy (strong, slow).

Vanquished Creatures
  A tentacled monstrosity (Swamp:4)
  Frances (Swamp:1)
  3 thorn hunters
  Donald (Swamp:1)
  A fenstrider witch (Swamp:4)
  An azure jelly (IceCv)
  A frost giant (Vaults:1)
  The ghost of Ykec Esm the Carver, a journeyman DrWn of Ashenzari (Swamp:4)
  3 orc warlords
  An ironbound preserver (Vaults:1)
  2 quicksilver oozes (IceCv)
  7 eleionomae
  2 bunyips
  2 shambling mangroves
  Harold (D:8)
  An ice dragon (D:10)
  4 vault guards (D:14)
  3 ghost crabs
  31 hydras
  6 boulder beetles
  4 catoblepae
  3 centaur warriors
  6 two-headed ogres
  7 alligators
  A death knight (D:14)
  2 tengu warriors (D:14)
  2 orc high priests (Orc:2)
  6 death yaks
  2 spriggan berserkers (Swamp:3)
  Sonja (Lair:2)
  6 spriggans
  A fire crab (Lair:5)
  12 skeletal warriors
  3 deep trolls (Vaults:1)
  3 goliath frogs
  An ironbound convoker (Vaults:1)
  8 bog bodies
  12 swamp dragons
  A spriggan druid (Swamp:4)
  A wizard (D:14)
  3 deep elf pyromancers
  Pikel (D:5)
  An orc knight (Orc:1)
  8 ugly things
  5 manticores
  3 orc sorcerers
  5 cyclopes
  9 elephants
  2 will-o-the-wisps (Swamp:3)
  5 black mambas
  3 ice statues (IceCv)
  10 cane toads
  2 gargoyles
  4 rime drakes
  A kobold demonologist (D:9)
  19 komodo dragons
  2 polar bears
  A troll (shapeshifter) (D:14)
  3 meliai (D:12)
  6 trolls
  A queen bee (D:12)
  13 tyrant leeches
  27 slime creatures
  9 hornets
  Grinder (D:5)
  19 blink frogs
  A dream sheep (Lair:5)
  A centaur simulacrum (D:14)
  A ynoxinul (D:8)
  41 yaks
  3 wyverns
  5 basilisks
  Eustachio (D:5)
  2 wraiths
  A steam dragon (D:7)
  15 vampire mosquitoes
  4 wargs
  A naga (shapeshifter) (D:13)
  21 swamp worms
  2 acid dragons (D:14)
  A demonic crawler simulacrum (IceCv)
  18 water moccasins
  3 sky beasts
  33 orc warriors
  A black bear (Lair:3)
  A necrophage (D:8)
  13 swamp drakes
  5 ugly thing simulacra (IceCv)
  5 boggarts (D:14)
  6 ogres
  3 centaurs
  A hornet zombie (D:7)
  9 wolves
  A phantom (D:4)
  6 kobold brigands
  12 bullfrogs
  A gnoll sergeant (D:7)
  A glowing shapeshifter simulacrum (IceCv)
  A wyvern skeleton (D:7)
  26 killer bees
  A vampire bat (D:3)
  A howler monkey (D:5)
  2 electric eels
  3 centaur zombies
  A hound (D:4)
  8 jellies
  15 orc priests
  Crazy Yiuf (D:6)
  A human zombie (D:10)
  2 iguanas
  2 bullfrog skeletons (D:6)
  34 orc wizards
  A hell rat (Lair:5)
  A howler monkey zombie (D:7)
  11 gnolls
  6 adders
  A shadow imp (D:7)
  3 white imps
  2 ufetubi
  2 adder skeletons
  A worm (D:2)
  6 dart slugs
  86 orcs
  5 ball pythons
  7 bats
  4 bat skeletons (D:3)
  A bat zombie (D:3)
  25 endoplasms
  6 giant cockroaches
  14 goblins
  5 hobgoblins
  4 quokkas
  6 frilled lizards
  A goblin zombie (D:10)
  14 kobolds
  6 rats
  2 briar patches (Swamp:4)
  2 butterflies
857 creatures vanquished.

Vanquished Creatures (others)
  A cane toad (Lair:6)
  A bloated husk (Swamp:2)
  An orc (Orc:1)
  A briar patch (Swamp:4)
  8 foxfires (Swamp:3)
  24 fungi
  41 plants
77 creatures vanquished.

Grand Total: 934 creatures vanquished

Notes
Turn   | Place    | Note
-------+----------+-------------------------------------------
     0 | D:1      | Cab the Demonspawn Fighter began the quest for the Orb.
     0 | D:1      | Reached XP level 1. HP: 18/18 MP: 1/1
    60 | D:1      | Reached skill level 2 in Axes
   190 | D:1      | Gained mutation: Your touch may inflict minor irresistible
                  | damage on your foes. [demonic ancestry]
   190 | D:1      | Reached XP level 2. HP: 24/24 MP: 2/2
   287 | D:1      | Reached skill level 3 in Axes
   355 | D:1      | Gained mutation: You are partially covered in sharp spines.
                  | [demonic ancestry]
   355 | D:1      | Reached XP level 3. HP: 24/29 MP: 3/3
   504 | D:1      | Found a faded altar of an unknown god.
  1180 | D:2      | Gained mutation: You are mostly covered in sharp spines.
                  | [demonic ancestry]
  1180 | D:2      | Reached XP level 4. HP: 35/35 MP: 4/4
  1183 | D:2      | Reached skill level 4 in Axes
  1733 | D:3      | Found an ancient bone altar of Kikubaaqudgha.
  1737 | D:3      | Reached XP level 5. HP: 41/41 MP: 5/5
  1988 | D:3      | Reached skill level 5 in Axes
  2462 | D:4      | Noticed a phantom
  2474 | D:4      | Killed a phantom
  2475 | D:4      | Reached skill level 6 in Axes
  2475 | D:4      | Reached XP level 6. HP: 31/47 MP: 6/6
  2640 | D:4      | Found a staircase to the Ecumenical Temple.
  2646 | Temple   | Entered the Ecumenical Temple
  3126 | D:4      | Found a hide-covered altar of Uskayaw.
  3346 | D:5      | Entered Level 5 of the Dungeon
  3439 | D:5      | Noticed Eustachio
  3795 | D:5      | Reached skill level 7 in Axes
  3795 | D:5      | Gained mutation: You may rarely emit foul miasma when
                  | damaged in melee. [demonic ancestry]
  3795 | D:5      | Reached XP level 7. HP: 44/52 MP: 7/7
  3918 | D:5      | Found an opulent altar of Gozag.
  4240 | D:5      | Noticed Pikel
  4266 | D:5      | Killed Pikel
  4267 | D:5      | Reached skill level 8 in Axes
  4510 | D:5      | Killed Eustachio
  4511 | D:5      | Gained mutation: Your touch may inflict irresistible damage
                  | on your foes. [demonic ancestry]
  4511 | D:5      | Reached XP level 8. HP: 9/58 MP: 8/8
  5112 | D:6      | Reached skill level 9 in Axes
  5201 | D:6      | Noticed Grinder
  5212 | D:5      | Killed Grinder
  5363 | D:6      | Reached skill level 10 in Axes
  5416 | D:6      | Found a runed translucent door.
  5417 | D:6      | Noticed Crazy Yiuf
  5425 | D:6      | Killed Crazy Yiuf
  5699 | D:6      | Found an iron altar of Okawaru.
  5707 | D:6      | Became a worshipper of Warmaster Okawaru
  6157 | D:6      | Reached XP level 9. HP: 42/63 MP: 9/9
  6159 | D:6      | Reached skill level 11 in Axes
  6845 | D:7      | Reached * piety under Okawaru
  7189 | D:7      | Found a hazy altar of Hepliaklqana.
  7843 | D:7      | Reached skill level 12 in Axes
  8620 | D:8      | Found an ornate altar of the Wu Jian Council.
  9081 | D:8      | Reached ** piety under Okawaru
  9109 | D:8      | Noticed a troll
  9123 | D:8      | Killed a troll
  9126 | D:8      | Found a bloodstained altar of Trog.
  9312 | D:8      | Found a shimmering blue altar of Sif Muna.
  9328 | D:8      | Got Sif Muna's Volume of Scorching Intoxication
  9491 | D:8      | Found Tihab's Antique Armour Shoppe.
  9493 | D:8      | Noticed Harold
  9525 | D:8      | Gained mutation: You sometimes emit foul miasma when
                  | damaged in melee. [demonic ancestry]
  9525 | D:8      | Reached XP level 10. HP: 6/71 MP: 10/10
 10278 | D:8      | Killed Harold
 10783 | D:9      | Reached skill level 13 in Axes
 10870 | D:9      | Noticed a two-headed ogre
 10879 | D:9      | Killed a two-headed ogre
 10879 | D:9      | Reached *** piety under Okawaru
 10880 | D:9      | Reached skill level 5 in Armour
 11039 | D:9      | Noticed an orange demon
 11253 | D:9      | Noticed an elephant
 11442 | D:9      | Killed an elephant
 11443 | D:9      | Reached skill level 5 in Fighting
 11627 | D:9      | Found a staircase to the Lair.
 11724 | D:9      | Noticed a two-headed ogre
 11790 | D:9      | Killed a two-headed ogre
 11837 | D:9      | Found a blossoming altar of Fedhas.
 11840 | D:9      | Found a sacrificial altar of Ru.
 12188 | D:9      | Reached **** piety under Okawaru
 12189 | D:9      | Reached skill level 1 in Invocations
 12195 | D:9      | Gained mutation: You have a somewhat thin skeletal
                  | structure. (Dex +2, Stealth+) [demonic ancestry]
 12195 | D:9      | Reached XP level 11. HP: 57/80 MP: 11/11
 12444 | Lair:1   | Entered Level 1 of the Lair of Beasts
 12546 | Lair:1   | Reached skill level 14 in Axes
 13199 | Lair:2   | Noticed Sonja
 13209 | Lair:2   | Killed Sonja
 13240 | Lair:2   | Reached ***** piety under Okawaru
 13299 | Lair:2   | Noticed an eight-headed hydra
 13311 | Lair:2   | Killed an eight-headed hydra
 13740 | Lair:2   | Noticed a catoblepas
 13852 | Lair:3   | Received a gift from Okawaru
 13898 | Lair:3   | Reached skill level 15 in Axes
 13921 | Lair:3   | Noticed a five-headed hydra
 13927 | Lair:3   | Noticed an oklob plant
 13998 | Lair:3   | Received a gift from Okawaru
 14040 | Lair:3   | Noticed a five-headed hydra
 14052 | Lair:3   | Killed a five-headed hydra
 14087 | Lair:3   | Reached XP level 12. HP: 51/91 MP: 12/12
 14125 | Lair:3   | Killed a five-headed hydra
 14851 | Lair:4   | Found a hole to the Spider Nest.
 15037 | Lair:4   | Found a staircase to the Swamp.
 15049 | Lair:4   | Reached skill level 16 in Axes
 15179 | Lair:4   | Identified the ring of the Serpent {rC- rN+ Str+2 Int+6
                  | Dex+2}
 15413 | Lair:5   | Noticed a four-headed hydra
 15528 | Lair:5   | Noticed a six-headed hydra
 15541 | Lair:5   | Killed a six-headed hydra
 15576 | Lair:5   | Noticed a seven-headed hydra
 15585 | Lair:5   | Killed a seven-headed hydra
 15585 | Lair:5   | Identified the -6 pair of boots "Finwa" {Str+5 Int-3}
                  | (Okawaru gifted it to you on level 5 of the Lair of Beasts)
 15585 | Lair:5   | Received a gift from Okawaru
 15686 | Lair:5   | Noticed a seven-headed hydra
 15697 | Lair:5   | Killed a seven-headed hydra
 15855 | Lair:5   | Noticed a boulder beetle
 15855 | Lair:5   | Noticed a death yak
 15870 | Lair:5   | Killed a death yak
 15875 | Lair:5   | Killed a boulder beetle
 15953 | Lair:5   | Gained mutation: You frequently emit foul miasma when
                  | damaged in melee. [demonic ancestry]
 15953 | Lair:5   | Reached XP level 13. HP: 73/99 MP: 14/14
 16223 | Lair:5   | Found a staircase to the Slime Pits.
 16224 | Lair:5   | Found a viscous altar of Jiyva.
 16236 | Lair:5   | Reached skill level 17 in Axes
 16394 | Lair:5   | Reached ****** piety under Okawaru
 16596 | Lair:5   | Identified the +5 scale mail of Efulum Asidd {*Slow rPois
                  | Dex+2}
 16918 | Lair:6   | Entered Level 6 of the Lair of Beasts
 17064 | Lair:6   | Received a gift from Okawaru
 17528 | Lair:6   | Reached skill level 18 in Axes
 17868 | Lair:6   | Identified the +7 chain mail of Atihoforr {Rampage rPois
                  | rC- Int+4} (Okawaru gifted it to you on level 6 of the Lair
                  | of Beasts)
 17868 | Lair:6   | Received a gift from Okawaru
 17871 | Lair:6   | Gained mutation: You have a moderately thin skeletal
                  | structure. (Dex +4, Stealth++) [demonic ancestry]
 17871 | Lair:6   | Reached XP level 14. HP: 60/109 MP: 13/15
 18149 | Lair:6   | Reached skill level 1 in Dodging
 18406 | D:10     | Entered Level 10 of the Dungeon
 18443 | D:10     | Reached skill level 10 in Fighting
 18545 | D:10     | Found a staircase to the Orcish Mines.
 18600 | D:10     | Found a runed translucent door.
 18618 | D:10     | Found a basalt altar of Yredelemnul.
 18777 | D:10     | HP: 1/110 [ice dragon (5)]
 18871 | D:10     | Got the Catalogue of the Tired Xenophobes
 18875 | D:10     | Identified the +10 arbalest of the Shallot {elec, rN++
                  | MP+9}
 19232 | D:11     | Reached skill level 19 in Axes
 19397 | D:11     | HP: 4/111 [skeletal warrior/+0 trident (17)]
 19400 | D:11     | Received a gift from Okawaru
 19745 | D:11     | Reached skill level 10 in Armour
 20230 | D:11     | Identified the +6 glaive of the Eternal Void {vorpal, Fly
                  | rElec Dex+4 SInv}
 20594 | D:12     | Identified the +1 scale mail of a Hundred Ageing Hosts
                  | {Stlth+}
 20616 | D:12     | Reached skill level 1 in Crossbows
 21003 | D:12     | Received a gift from Okawaru
 21365 | D:13     | Found a frozen archway.
 21376 | IceCv    | Entered an ice cave
 21839 | IceCv    | Gained mutation: You have an unnaturally thin skeletal
                  | structure. (Dex +6, Stealth+++) [demonic ancestry]
 21839 | IceCv    | Reached XP level 15. HP: 112/118 MP: 16/16
 21965 | IceCv    | Found a viscous altar of Jiyva.
 21965 | IceCv    | Noticed an azure jelly
 21976 | IceCv    | Killed an azure jelly
 22023 | IceCv    | Identified the ring of the Present {rF+ rN+ Str+2}
 22256 | D:13     | Identified the +0 pair of boots of Jipufie {+Blink SInv}
                  | (Okawaru gifted it to you on level 13 of the Dungeon)
 22256 | D:13     | Received a gift from Okawaru
 23503 | D:14     | Reached skill level 20 in Axes
 23657 | D:14     | Reached skill level 5 in Crossbows
 23708 | D:14     | Found a gate to the Vaults.
 24058 | D:15     | Entered Level 15 of the Dungeon
 24134 | Orc:1    | Entered Level 1 of the Orcish Mines
 24134 | Orc:1    | Noticed an orc warlord
 24134 | Orc:1    | You fall into a shaft and drop 1 floor!
 24134 | Orc:2    | Entered Level 2 of the Orcish Mines
 24285 | Orc:1    | Noticed an orc warlord
 24294 | Orc:1    | Killed an orc warlord
 24298 | Orc:1    | Received a gift from Okawaru
 24352 | Orc:1    | Killed an orc warlord
 25017 | Orc:2    | Found a staircase to the Elven Halls.
 25076 | Orc:2    | Found Tumuc's CLEARANCE SALE!.
 25082 | Orc:2    | Bought a potion of haste for 30 gold pieces
 25100 | Orc:2    | Found Nusithix's General Store.
 25121 | Orc:2    | Bought a potion of curing for 33 gold pieces
 25121 | Orc:2    | Bought a potion of berserk rage for 55 gold pieces
 25226 | Orc:2    | Found Heallehyh's Armour Shoppe.
 25332 | Orc:2    | Noticed an orc warlord
 25345 | Orc:2    | HP: 6/122 [orc warrior/+0 glaive (14)]
 25664 | Orc:2    | Killed an orc warlord
 25664 | Orc:2    | Received a gift from Okawaru
 25738 | Orc:2    | Found Vesch's Antique Weapon Shoppe.
 25740 | Orc:2    | Found Mufe's Antique Armour Emporium.
 25763 | Orc:2    | Bought a pair of crude gloves for 285 gold pieces
 25763 | Orc:2    | Identified the +0 pair of gloves "Xig Xuag" {Will+ rCorr
                  | Int+4} (You bought it in a shop on level 2 of the Orcish
                  | Mines)
 26175 | Swamp:1  | Entered Level 1 of the Swamp
 26331 | Swamp:1  | Noticed Frances
 26342 | Swamp:1  | Gained mutation: Potions are less effective at restoring
                  | your health. [a neqoxec]
 26350 | Swamp:1  | Killed Frances
 26490 | Swamp:1  | Received a gift from Okawaru
 26621 | Swamp:1  | Reached XP level 16. HP: 115/129 MP: 18/18
 26630 | Swamp:1  | Noticed Donald
 26638 | Swamp:1  | Killed Donald
 26934 | Swamp:1  | You fall into a shaft and drop 1 floor!
 27280 | Swamp:2  | Received a gift from Okawaru
 28180 | Swamp:3  | Noticed a thorn hunter
 28192 | Swamp:3  | Killed a thorn hunter
 28486 | Swamp:3  | Received a gift from Okawaru
 28487 | Swamp:3  | Reached skill level 1 in Evocations
 29164 | Swamp:4  | Entered Level 4 of the Swamp
 29164 | Swamp:4  | Noticed a tentacled monstrosity
 29169 | Swamp:4  | Paralysed by a fenstrider witch for 4 turns
 29182 | Swamp:4  | Killed a tentacled monstrosity
 29471 | Swamp:4  | Found a runed translucent door.
 29471 | Swamp:4  | Noticed Ykec Esm's ghost (journeyman DrWn)
 29507 | Swamp:4  | Killed Ykec Esm's ghost
 29547 | Swamp:4  | Received a gift from Okawaru
 29809 | Swamp:4  | Identified the +5 chain mail of the First Snow {*Corrode
                  | Str+3 SInv Stlth+} (Okawaru gifted it to you on level 4 of
                  | the Swamp)
 29809 | Swamp:4  | Received a gift from Okawaru
 30127 | Swamp:4  | Reached XP level 17. HP: 138/138 MP: 19/19
 30430 | Swamp:4  | Reached skill level 10 in Crossbows
 30519 | Swamp:4  | Got a decaying rune of Zot
 30938 | Vaults:1 | Entered Level 1 of the Vaults
 31041 | Vaults:1 | Killed from afar by an ironbound thunderhulk

Illustrated notes

Levels and vault maps discovered:
D:1:      minmay_arrival_statue_studded, layout_rooms,
          nicolae_ecumenical_lake_church, minmay_small_reverse_x
D:2:      layout_loops_ring
D:3:      minmay_bubble_buster, layout_loops_ring, kennysheep_vampire_church,
          kennysheep_flooded_box
D:4:      layout_cave_pools, amcnicky_altar_gilded,
          minmay_temple_entry_enclosed_plants
D:5:      layout_layer_cave, elyvilon_altar_3,
          nicolae_gozag_cash_rules_everything_around_me, patterned_corridor,
          uniq_eustachio, uniq_pikel
D:6:      layout_layer_cave, lemuel_coloured_pillars_altar,
          minmay_unpleasant_kobolds, uniq_crazy_yiuf_cottage, uniq_grinder
D:7:      nicolae_cairo_tiling_large, layout_basic, old_standard_altar
D:8:      nicolae_BIG_FREAKIN_CUBE, layout_basic, tso_oasis_becter,
          nzn_overflow_gifts_of_might_and_magic,
          mainiacjoe_overflow_small_starburst, serial_shops, shop, uniq_harold
D:9:      layout_long_grid, nicolae_overflow_squiral, david_lair_generic
D:10:     layout_roguey, dk_yredelemnul_ordeal, david_orc_2, minmay_evil_grid
D:11:     layout_loops_corners, small_statue_intersection
D:12:     layout_roguey [special_room_bee]
D:13:     layout_irregular_city, portal_ice_cave_entry_pillars_1
D:14:     layout_long_grid, lightli_vaults_fourway_checkpoint,
          onia_ninara_dug_in_and_dangerous
D:15:     grunt_enter_depths_giant_problem, layout_small_grid,
          serial_bayou_pond_d, minivault_12, uniq_nessos
Temple:   compressed_dpeg_triangle_lava_temple
Lair:1:   layout_hall_layers, fungi_pond_lemuel, nicolae_quartered_pool_little,
          lemuel_fruit_fields, infiniplex_staircase_pool
Lair:2:   layout_layer_cave, roderic_batcave, grunt_megastairs_4,
          lemuel_fruit_fields, lemuel_fruit_tree, uniq_sonja
Lair:3:   lemuel_slime, layout_gridlike, beast_lair_carwin_7,
          lemuel_fruit_fields
Lair:4:   layout_hall_layers, skrybe_swamp_entry_bodies, dummy_spider_entry
Lair:5:   nzn_winding_woodlands_stair_trap [nzn_winding_woodlands_5x15_twine,
          nzn_winding_woodlands_5x15_pockets,
          nzn_winding_woodlands_5x15_sawtooth,
          nzn_winding_woodlands_15x15_five_gardens,
          nzn_winding_woodlands_5x15_default,
          nzn_winding_woodlands_5x15_pathside_ponds,
          nzn_winding_woodlands_5x15_cabin], layout_gridlike, slime_altar_1,
          chequers_serial_rivers_small_b
Lair:6:   evilmike_catoblepas_cave, layout_big_grid,
          hangedman_lair_generics_rect, lemuel_fruit_fields,
          infiniplex_staircase_pool_2
Swamp:1:  layout_basic_swamp, evilmike_swamp_ruin_rubble_1, swamp_pool5,
          uniq_donald, uniq_frances
Swamp:2:  layout_basic_swamp, evilmike_swamp_ruin_wall
Swamp:3:  layout_basic_swamp, nicolae_swamp_oxbows, swamp_pool1
Swamp:4:  swamp_basic_johnstein, layout_basic_swamp,
          hellmonk_ghost_happy_afterlife
Orc:1:    layout_caves, hangedman_feature_mirror
Orc:2:    grunt_orc_community_town_hall, layout_caves,
          grunt_orc_community_big_house_1, grunt_orc_community_big_house_2,
          grunt_orc_community_house_2, grunt_orc_community_house_2,
          grunt_orc_community_house_1, grunt_orc_community_house_1,
          nicolae_shop_clearance
Vaults:1: nicolae_vaults_big_ls, hangedman_vaults_restitches,
          ontoclasm_vaults_gallery, v_misc_14, hangedman_vaults_trim, v_misc_13,
          v_misc_23, vaults_room_corners, nicolae_vaults_ring_of_whatevers,
          layout_vaults_chaotic_city, serial_shops, shop

Skill      XL: |  1  2  3  4  5  6  7  8  9 10 11 12 13 14 15 16 17 |
---------------+----------------------------------------------------+-----
Axes           | 2 3 4 6 7 8 10 12 13 15 16 18 19 20 | 20.7
Armour         | 4 6 7 9 10 11 12 | 12.5
Fighting       | 4 5 7 8 9 11 12 13 14 | 14.1
Invocations    | 1 2 3 |  3.8
Dodging        | 1 |  1.5
Crossbows      | 3 6 9 10 | 10.4
Evocations     | 1 |  1.5
Shields        | |  2.6

Action                   |  1- 3 |  4- 6 |  7- 9 | 10-12 | 13-15 | 16-18 || total
-------------------------+-------+-------+-------+-------+-------+-------++-------
Melee: War axe           |    89 |   109 |   189 |   302 |       |       ||   689
       Battleaxe         |       |       |       |   130 |   842 |   357 ||  1329
       Flail             |       |       |       |    35 |    22 |       ||    57
       Touch             |       |       |       |     7 |     7 |       ||    14
       Punch             |       |       |       |     1 |     2 |       ||     3
 Fire: Arbalest          |       |       |       |       |    59 |   171 ||   230
Throw: Throwing net      |       |       |       |       |     1 |       ||     1
Invok: Heroism           |       |       |       |    12 |    25 |     5 ||    42
       Finesse           |       |       |       |     1 |     2 |       ||     3
 Abil: Evoke Blink       |       |       |       |       |       |     5 ||     5
Evoke: Wand              |       |     4 |     9 |    15 |     6 |     2 ||    36
       Lightning rod     |       |       |       |       |     4 |       ||     4
  Use: Scroll            |       |     7 |     6 |    12 |    12 |     4 ||    41
       Potion            |       |     1 |     2 |       |     6 |     2 ||    11
 Stab: Paralysed         |       |       |       |     3 |       |       ||     3
       Distracted        |       |       |       |       |     1 |     1 ||     2
       Confused          |       |       |       |       |     3 |     1 ||     4
       Invisible         |       |       |       |       |     1 |       ||     1
Armor: Scale mail        |    53 |    44 |    98 |     4 |       |       ||   199
       Chain mail        |       |       |       |    44 |       |       ||    44
       Plate armour      |       |       |       |   186 |   464 |   335 ||   985
Dodge: Dodged            |    32 |    42 |    81 |   121 |   259 |   154 ||   689
Block: Buckler           |    29 |    29 |    44 |    44 |       |       ||   146
